[Event "*** Titled Tuesday Blitz"]
[Site "Chess.com"]
[Date "2020.10.20"]
[Round "6"]
[White "shaheus"]
[Black "shriyanasmallya"]
[Result "1-0"]
[WhiteElo "2190"]
[BlackElo "1658"]
[TimeControl "180+1"]
[EndTime "11:09:20 PDT"]
[Termination "shaheus won by checkmate"]

1. e4 e5 2. Nf3 Nc6 3. d4 exd4 4. Nxd4 Bc5 5. Be3 Qf6 6. Nb5 Bxe3 7. fxe3 Qe5 8.
N1c3 a6 9. Nd4 Qg5 10. Qd2 Nge7 11. O-O-O d6 12. Nf3 Qh6 13. e5 dxe5 14. Nxe5 O-O 15.
Nxc6 bxc6 16. e4 Qxd2+ 17. Rxd2 Be6 18. b3 a5 19. a4 Rad8 20. Rxd8 Rxd8 21. Bd3 Ng6 22.
Rd1 Bg4 23. Rd2 Ne5 24. Be2 Rxd2 25. Kxd2 Bxe2 26. Kxe2 Kf8 27. h3 Ke7 28. Ke3 Ke6 29.
Ne2 Kd6 30. Nd4 g6 31. g4 h6 32. Kf4 f6 33. Ke3 Kc5 34. Ne2 g5 35. Nd4 Ng6 36.
Nf5 Nf4 37. Nxh6 Nxh3 38. Ng8 Nf4 39. Nxf6 Ne6 40. e5 Kb4 41. Ke4 Kc3 42. Kf5 Nd4+ 43. Kxg5 Kxc2 44. Kf4 Kd3 45. g5 Ne6+ 46. Kf5 Nd4+ 47. Kg6 Nxb3 48. Kf7 Nd4 49. g6 c5 50. g7 c4 51. g8=Q c3 52. Qg3+ Kd2 53. Ne4+ Ke2 54. Qxc3 c5 55. Qxc5 Nf3 56. Qc2+ Kf1 57. Kf6 Kg1 58.
Qf2+ Kh1 59. Ng3# 1-0

[Event "*** Titled Tuesday Blitz"]
[Site "Chess.com"]
[Date "2020.10.20"]
[Round "6"]
[White "Aleksey_Sorokin"]
[Black "cassoulet"]
[Result "1-0"]
[WhiteElo "2846"]
[BlackElo "2693"]
[TimeControl "180+1"]
[EndTime "11:09:23 PDT"]
[Termination "Aleksey_Sorokin won by resignation"]

1. d4 Nf6 2. c4 g6 3. Nc3 d5 4.
cxd5 Nxd5 5. e4 Nxc3 6. bxc3 Bg7 7. Nf3 O-O 8. Be2 c5 9. O-O Nc6 10. Be3 cxd4 11. cxd4 Bg4 12. d5 Bxf3 13. Bxf3 Ne5 14.
Be2 Qa5 15. Qb3 b6 16. Rac1 Rac8 17. h3 h5 18. Bb5 a6 19. Be2 b5 20. Bc5 Qd2 21. Rc2 Qf4 22. Bxe7 Qxe4 23. Bd1 Nf3+ 24. Qxf3 Qxe7 25. Rc6 Rxc6 26. dxc6 Be5 27. Bb3 Kg7 28. Rd1 Bd6 29. g3 Qe5 30. Kg2 h4 31. Rd5 Qe7 32. Qc3+ Kh7 33. Qd4 Bc7 34. Rd7 Qe5 35. Qxh4+ Kg7 36.
Qe7 Qxe7 37. Rxe7 Bd6 38. Ra7 Kf6 39. Rxa6 Ke5 40. Ra5 Rb8 41. Bxf7 g5 42. Bb3 Bc7 43. Ra6 Kd6 44. Bd1 Kc5 45. Bf3 Re8 46. Ra7 Kd6 47. Ra3 Re5 48. Rd3+ Kc5 49. Rd7 Kb6 50. Rd5 Re6 51.
Rxg5 Rd6 52. h4 Rd2 53. Bd5 Ka5 54. h5 Bb6 55. Rf5 Bxf2 56. Rxf2 Rxd5 57. h6 Rd8 58. c7 Rh8 59. Rc2 Rc8 60. h7 Kb6 61. h8=Q 1-0

[Event "*** Titled Tuesday Blitz"]
[Site "Chess.com"]
[Date "2020.10.20"]
[Round "6"]
[White "PotapovaM"]
[Black "Ze-Pequeno"]
[Result "1-0"]
[WhiteElo "2531"]
[BlackElo "2230"]
[TimeControl "180+1"]
[EndTime "11:09:23 PDT"]
[Termination "PotapovaM won on time"]

1. d4 Nf6 2. c4 Nc6 3. Nf3 e6 4.
a3 d6 5. Nc3 g6 6. e4 Bg7 7. Be2 O-O 8. O-O Re8 9. h3 e5 10.
d5 Nd4 11. Re1 c5 12. b4 b6 13. Bg5 h6 14. Be3 Bd7 15. Rb1 Nh5 16. Bf1 Nf4 17. Kh2 f5 18. g3 Nh5 19. Nh4 f4 20.
Bxd4 fxg3+ 21. fxg3 exd4 22. Nb5 Qg5 23. Rb3 Be5 24.
Nf3 Qxg3+ 25. Kh1 Bxh3 26. Nxe5 Qxe5 27. Rxh3 Rf8 28. Bg2 Kg7 29. Qg4 Rf7 30. Qe6 Qg5 31. Nxd6 Rf6 32. Qe7+ Kh8 33. Nf7+ Rxf7 34. Qxf7 Ng3+ 35.
Kh2 Nh5 36. Qf3 Qe5+ 37. Kh1 Rg8 38. Rf1 Rg7 39. Qf8+ Kh7 40. Qf3 d3 41. Rxh5 gxh5 42. Qf5+ Qxf5 43. exf5 d2 44. Rd1 Rg3 45. Rxd2 Rxa3 46.
d6 Rd3 47. Rxd3 1-0

[Event "*** Titled Tuesday Blitz"]
[Site "Chess.com"]
[Date "2020.10.20"]
[Round "6"]
[White "xamax2000"]
[Black "TudorAnton"]
[Result "1-0"]
[WhiteElo "2671"]
[BlackElo "2478"]
[TimeControl "180+1"]
[EndTime "11:09:24 PDT"]
[Termination "xamax2000 won by resignation"]

1. d4 Nf6 2. c4 e6 3. Nf3 Bb4+ 4. Nbd2 b6 5. a3 Bxd2+ 6. Bxd2 Bb7 7. Bg5 h6 8. Bh4 g5 9. Bg3 d6 10. e3 Ne4 11.
Bd3 Nd7 12. Qc2 f5 13. d5 Ndc5 14. Nd4 exd5 15. Nxf5 Qf6 16. Nd4 Nxd3+ 17. Qxd3 Nc5 18. Qc2 dxc4 19. O-O Be4 20. Qxc4 Bd3 21. Qd5 Be4 22. Qa2 h5 23. f3 Bd3 24. Qd5 Rd8 25. Rfd1 h4 26.
Be1 Ba6 27. Bc3 Bb7 28. Nc6 Qh6 29. b4 Kd7 30. bxc5 Bxc6 31. Qf5+ Ke7 32. Bxh8 Rxh8 33.
cxd6+ cxd6 34. Rac1 Bd7 35. Rc7 Rd8 36. Qe4+ Qe6 37.
Qxe6+ Kxe6 38. Rxa7 Rc8 39. Rb7 Rc6 40. e4 h3 41.
gxh3 Rc2 42. Rxb6 Ke5 43. Rbxd6 Bxh3 44. R6d2 Rc3 45. Kf2 Kf4 46. Rd3 Rc2+ 47. R1d2 Rc1 48. Rd8 Rh1 49. Rf8+ Ke5 50. Kg3 Be6 51. Re8 Rg1+ 52.
Kf2 Rh1 53. Kg2 Ra1 54. Rd5+ Kf6 55. Rxe6+ Kxe6 56. Rxg5 Rxa3 57. h4 Kf6 58. Kg3 Ra1 59. Rb5 Rh1 60. h5 Ke6 61. Kg4 Kf6 62. Rb6+ Ke5 63. h6 Rg1+ 64. Kh5 Kf4 65. h7 Kxf3 66. Kh6 Kxe4 67. h8=Q 1-0

[Event "*** Titled Tuesday Blitz"]
[Site "Chess.com"]
[Date "2020.10.20"]
[Round "6"]
[White "Barmen_EV"]
[Black "Witik"]
[Result "1-0"]
[WhiteElo "2528"]
[BlackElo "2744"]
[TimeControl "180+1"]
[EndTime "11:09:25 PDT"]
[Termination "Barmen_EV won by resignation"]

1. d4 d5 2. c4 e6 3. Nc3 c6 4. e4 dxe4 5. Nxe4 Bb4+ 6. Bd2 Qxd4 7. Bxb4 Qxe4+ 8. Be2 Na6 9. Bd6 Qxg2 10. Qd2 Nf6 11.
Bf3 Qg6 12. O-O-O Bd7 13. Ne2 O-O-O 14. Rhg1 Qf5 15. Nd4 Qh3 16. Rxg7 Be8 17. Be7 Nd7 18. Bxd8 Kxd8 19. Kb1 Qh4 20. Ka1 Qf6 21. Rg3 Kc8 22.
Qa5 Nb6 23. Nxc6 Bxc6 24. Bxc6 Qxb2+ 25. Kxb2 Nxc4+ 26. Kc3 Nxa5 27. Bb5 Nc7 28. Bd7+ Kb8 29. Ba4 Nd5+ 30. Kb2 Nc4+ 31. Ka1 Rc8 32. Bb3 b5 33. Rc1 h6 34. Rh3 a5 35. a4 Ndb6 36. axb5 a4 37.
Bxc4 Nxc4 38. Rhc3 Nb6 39. Rxc8+ Nxc8 40. Rc4 Nd6 41. Rh4 Nf5 42. Rc4 Kb7 43. Rc6 Nd4 44.
Rd6 Nxb5 45. Rd7+ Kc6 46. Rxf7 Kd5 47. Rf6 h5 48. Rh6 Kc4 49. Rxh5 Kb3 50. Rxb5+ 1-0

[Event "*** Titled Tuesday Blitz"]
[Site "Chess.com"]
[Date "2020.10.20"]
[Round "6"]
[White "SARGISMV"]
[Black "aloe_normansen"]
[Result "1-0"]
[WhiteElo "2509"]
[BlackElo "2345"]
[TimeControl "180+1"]
[EndTime "11:09:26 PDT"]
[Termination "SARGISMV won by resignation"]

1. b3 Nf6 2. Bb2 g6 3. Nf3 Bg7 4. g3 O-O 5. Bg2 d6 6. O-O e5 7.
d3 Nc6 8. c4 Nh5 9. Nc3 f5 10.
Nd5 Be6 11. e4 h6 12. Nh4 Bf7 13. exf5 g5 14. Ng6 Bxg6 15. fxg6 Nf6 16. Nxf6+ Qxf6 17. Qh5 Rae8 18. Rae1 Ne7 19. Bxb7 Nxg6 20. Be4 Ne7 21. f4 gxf4 22. Rxf4 Qe6 23. Rg4 Qf6 24. Rf4 Qe6 25. Rxf8+ Rxf8 26. Rf1 Rxf1+ 27. Kxf1 Qf6+ 28. Kg2 Bf8 29. Bc1 c6 30. Ba3 Qe6 31. Bf3 d5 32. Qg4+ Qxg4 33. Bxg4 Kf7 34. Bd7 a5 35. Bxe7 Bxe7 36. Bxc6 dxc4 37. dxc4 Bc5 38. Kf3 Kf6 39. Ke4 Ke6 40. Bd5+ Kd6 41. Kf5 Ba3 42. h4 Bc1 43. g4 Kc5 44. Kxe5 Kb4 45. Kf5 Be3 46. g5 hxg5 47. hxg5 Ka3 48. g6 Bd4 49. c5 Kxa2 50. c6 1-0

[Event "*** Titled Tuesday Blitz"]
[Site "Chess.com"]
[Date "2020.10.20"]
[Round "6"]
[White "TheCavemanChesss"]
[Black "Blitzstream"]
[Result "0-1"]
[WhiteElo "2476"]
[BlackElo "2668"]
[TimeControl "180+1"]
[EndTime "11:09:28 PDT"]
[Termination "Blitzstream won by resignation"]

1. e4 d5 2. exd5 Qxd5 3. Nc3 Qa5 4. d4 Nf6 5. Nf3 Nc6 6. Bd2 Bg4 7. Nb5 Qb6 8. c4 Bxf3 9. Qxf3 Nxd4 10. Nxd4 Qxd4 11.
Qxb7 Qe4+ 12. Qxe4 Nxe4 13. Be3 e6 14. Bd3 Nc5 15.
Be2 O-O-O 16. O-O a5 17. b3 Be7 18. Rab1 Ne4 19. Rbc1 Bb4 20. Rc2 Rd7 21. c5 c6 22.
Bf3 f5 23. Bxe4 fxe4 24. Rc4 Rd5 25. Rxe4 Kd7 26. Rc4 Rb8 27. g3 Rb5 28. Kg2 Bxc5 29. a4 Bxe3 30. axb5 cxb5 31. Rg4 Bd4 32. Rd1 Bf6 33.
Rxd5+ exd5 34. Rf4 d4 35. Kf3 Kc6 36. Ke4 Kc5 37.
Rf3 Kb4 38. Rf5 a4 39. bxa4 bxa4 40. g4 a3 41. g5 a2 42. gxf6 a1=Q 43. f7 Qe1+ 44.
Kd5 Qh1+ 45. f3 Kc3 46. f8=Q d3 47. Qc5+ Kd2 48. Qb4+ Kd1 49. Kd4 Qg1+ 50. Kxd3 Qf1+ 51. Kc3 Qe1+ 52. Kb3 Qe6+ 53. Kc3 Qxf5 54. Qd4+ Ke2 55. Qxg7 Kxf3 56. Kd2 Qf4+ 57. Kc3 Qxh2 58. Qf6+ Kg2 59. Qg5+ Qg3+ 0-1

[Event "*** Titled Tuesday Blitz"]
[Site "Chess.com"]
[Date "2020.10.20"]
[Round "6"]
[White "ChessQueen"]
[Black "AryanTari"]
[Result "0-1"]
[WhiteElo "2703"]
[BlackElo "2860"]
[TimeControl "180+1"]
[EndTime "11:09:29 PDT"]
[Termination "AryanTari won by resignation"]

1. e4 c6 2. c4 d5 3. cxd5 cxd5 4.
exd5 Nf6 5. Nc3 Nxd5 6. Nf3 g6 7. Bc4 Nb6 8. Bb3 Bg7 9. d4 O-O 10. Be3 Nc6 11. O-O Bg4 12. h3 Bxf3 13. Qxf3 Nxd4 14. Bxd4 Qxd4 15. Qxb7 e6 16. Rad1 Qb4 17. Rd3 a5 18. Rfd1 Rfb8 19. Qc7 a4 20. Rf3 Qf8 21. Bxe6 Kh8 22.
Rxf7 Qg8 23. Ne4 Re8 24. Ng5 h6 25. Re7 Rxe7 26. Qxe7 Qf8 27. Nf7+ Kh7 28. Qc7 Rb8 29. b3 Na8 30. Qa7 Re8 31. Bc4 Re7 32. Qxa4 Nb6 33.
Rd8 Qxd8 34. Nxd8 Nxa4 35. bxa4 Re1+ 36. Kh2 Bd4 37. Kg3 Rc1 38. Bb3 Bb6 39. Ne6 g5 40.
Kf3 Kg6 41. Ke2 Kf6 42. Nf8 Ke7 43. Ne6 Kd6 44. Ng7 Ke5 45. Nh5 Rg1 46. Kf3 Rf1 47. Ng3 Rxf2+ 48. Kg4 Rxg2 49. Kf3 Rf2+ 50. Kg4 Rf4+ 51.
Kh5 Rh4+ 52. Kg6 Rxh3 53. Nf5 g4 54. Nxh6 g3 55. Ng4+ Kf4 56. Nf6 g2 0-1

[Event "*** Titled Tuesday Blitz"]
[Site "Chess.com"]
[Date "2020.10.20"]
[Round "6"]
[White "Ermito2020"]
[Black "djano"]
[Result "1-0"]
[WhiteElo "2643"]
[BlackElo "2457"]
[TimeControl "180+1"]
[EndTime "11:09:30 PDT"]
[Termination "Ermito2020 won by resignation"]

1. e4 e5 2. Nf3 d6 3. d4 exd4 4. Nxd4 Nf6 5. Nc3 Be7 6. Be2 O-O 7. Bf4 a6 8. Qd2 b5 9. Bf3 c6 10. O-O-O Qb6 11. Kb1 b4 12. Nce2 Re8 13. g4 d5 14.
exd5 Nxd5 15. Nxc6 Nxc6 16. Bxd5 Bb7 17. Ng3 Rad8 18.
Qe3 Bc5 19. Qf3 Rxd5 20. Qxd5 Nd4 21. Qd7 Rd8 22. Bc7 Rxd7 23. Bxb6 Bxb6 24. Rhe1 Rd8 25.
c3 bxc3 26. bxc3 Ne6 27. Rxd8+ Bxd8 28. Nf5 Kf8 29. Kb2 g6 30. Nd6 Bf3 31. h3 Be7 32.
Nc4 Nc5 33. Ne5 f6 34. Nxf3 Nd3+ 35. Kc2 Nxe1+ 36. Nxe1 Kf7 37. Nd3 Ke6 38. c4 f5 39.
gxf5+ Kxf5 40. Kc3 Ke4 41. Nb4 a5 42. Nc6 Bf6+ 43.
Kd2 Kf3 44. Nxa5 Kxf2 45. c5 g5 46. c6 Bd8 47. Nb7 Bc7 48. Nc5 h5 49. Ne6 Ba5+ 50.
Kd3 g4 51. hxg4 hxg4 52. Ng5 g3 53. Ne4+ Kf3 54. Nxg3 Kxg3 55. Kc4 Kf4 56. Kb5 Bc7 57.
a4 Ke5 58. a5 Kd5 59. a6 Bb8 60. a7 Bxa7 61. c7 1-0

[Event "*** Titled Tuesday Blitz"]
[Site "Chess.com"]
[Date "2020.10.20"]
[Round "6"]
[White "Artyom_ChessMate"]
[Black "ciucas1892"]
[Result "0-1"]
[WhiteElo "2489"]
[BlackElo "2355"]
[TimeControl "180+1"]
[EndTime "11:09:30 PDT"]
[Termination "ciucas1892 won by resignation"]

1. e4 c5 2. Nc3 g6 3. d4 cxd4 4. Qxd4 Nf6 5. Nf3 Nc6 6. Qa4 d6 7. e5 dxe5 8. Nxe5 Bd7 9. Nxd7 Qxd7 10. Be3 Bg7 11. Bb5 O-O 12. Rd1 Qc7 13. O-O h5 14. h3 a6 15. Be2 b5 16. Qb3 Na5 17. Qb4 Nc4 18. Bxc4 bxc4 19. Qb6 Qxb6 20. Bxb6 Rab8 21. Na4 e6 22. c3 Nd5 23. Bd4 Bxd4 24. Rxd4 Nb6 25.
Nxb6 Rxb6 26. Rxc4 Rxb2 27. Ra4 Rc8 28. Rc1 Rc6 29.
c4 Kg7 30. Rc3 h4 31. Rca3 Rb1+ 32. Kh2 Rb2 33. Rxa6 Rxc4 34. Rf3 Rc7 35. a4 Ra2 36. Rf4 g5 37. Rf3 Ra1 38. g3 Rcc1 39. Re3 Rh1+ 40.
Kg2 g4 41. hxg4 h3+ 42. Kf3 h2 43. Kg2 Rag1+ 44. Kh3 Rf1 45. Rf3 Kg6 46. Ra7 Rhg1 47. Rf6+ Kxf6 48. Kxh2 Rh1+ 49. Kg2 Rhg1+ 50. Kf3 Ra1 51.
a5 Rgb1 52. Kg2 Rb5 53. a6 Rb6 0-1

[Event "*** Titled Tuesday Blitz"]
[Site "Chess.com"]
[Date "2020.10.20"]
[Round "6"]
[White "sotochess"]
[Black "Guriempire"]
[Result "0-1"]
[WhiteElo "2627"]
[BlackElo "2802"]
[TimeControl "180+1"]
[EndTime "11:09:31 PDT"]
[Termination "Guriempire won by resignation"]

1. e4 c6 2. d4 d5 3. f3 Qb6 4. Nc3 e6 5. Nge2 Nf6 6. e5 Nfd7 7. f4 c5 8. Na4 Qa5+ 9. c3 c4 10. b4 Qc7 11. Be3 a5 12. a3 Be7 13. g4 h5 14.
gxh5 Rxh5 15. Ng3 Rh7 16. f5 Nf8 17. Bg2 axb4 18. axb4 Nc6 19. O-O Bh4 20. Nc5 Rxa1 21. Qxa1 b6 22. Na4 Bd7 23. Nb2 Na7 24. Qb1 Rh8 25.
Nd1 Nb5 26. Qc1 Bxg3 27. hxg3 exf5 28. Bxd5 Bc6 29. Bxc4 Ne6 30. d5 Qxe5 31. Bf4 Qe4 32. Ne3 Nxf4 33. gxf4 Bd7 34. Bxb5 Bxb5 35. c4 Bd7 36.
Ng2 Kf8 37. Qe3 Qxc4 38. Qxb6 Qxd5 39. Qc5+ Qxc5+ 40. bxc5 Bc6 41. Ne3 Rh1+ 42. Kf2 Rh2+ 43. Kg3 Re2 44. Nxf5 Rg2+ 45. Kh3 Ra2 46. Rb1 Bd7 47.
Rb8+ Be8 48. Nd6 Re2 49. Rxe8+ Rxe8 50. Nxe8 Kxe8 51. Kg4 Kd7 52. Kf5 Kc6 53. Ke5 Kxc5 54. f5 Kc6 55. f6 g6 56. Kf4 Kd5 57. Kg5 Ke6 58. Kh6 Kxf6 0-1

[Event "*** Titled Tuesday Blitz"]
[Site "Chess.com"]
[Date "2020.10.20"]
[Round "6"]
[White "giantslayer83"]
[Black "Mr_Sinigami"]
[Result "1-0"]
[WhiteElo "2709"]
[BlackElo "2501"]
[TimeControl "180+1"]
[EndTime "11:09:31 PDT"]
[Termination "giantslayer83 won on time"]

1. d4 Nf6 2. Bg5 c5 3. Bxf6 gxf6 4. d5 Qb6 5. Qc1 d6 6. g3 h5 7. h4 Bf5 8. Bg2 Nd7 9. Nd2 Bh6 10. e3 Ne5 11. Ne2 Qa6 12. a4 Bg4 13. Nc3 Qb6 14.
a5 Qc7 15. b3 Qc8 16. Qa3 Kf8 17. f4 Nd7 18. Qa4 f5 19. Nd1 Bg7 20. Rb1 Bxd1 21. Rxd1 Nf6 22. e4 fxe4 23. Nxe4 Ng4 24.
Rd3 Rg8 25. Ng5 Bf6 26. Qe4 Rg7 27. c3 b5 28. O-O c4 29. bxc4 bxc4 30. Rdf3 Qc5+ 31. Kh1 Rc8 32. Bh3 Kg8 33. Qf5 Rb8 34.
Bxg4 hxg4 35. Qxg4 Qxa5 36. Qf5 Bxc3 37. h5 Bf6 38.
Ne4 Qd8 39. g4 Qc8 40. Qxc8+ Rxc8 41. g5 Bd4 42. Rd1 Bb6 43. h6 Rg6 44. f5 Rc7 45.
fxg6 fxg6 46. Rdf1 Rc8 47. Rf7 c3 48. Nxc3 Bd4 49. Ne4 Bf6 50. R7xf6 exf6 51. Nxf6+ 1-0

[Event "*** Titled Tuesday Blitz"]
[Site "Chess.com"]
[Date "2020.10.20"]
[Round "6"]
[White "Mazetovic"]
[Black "SergeyKarjakin"]
[Result "1/2-1/2"]
[WhiteElo "2752"]
[BlackElo "2894"]
[TimeControl "180+1"]
[EndTime "11:09:32 PDT"]
[Termination "Game drawn by repetition"]

1. e4 e5 2. Nf3 Nc6 3. Bb5 a6 4.
Ba4 Nf6 5. Nc3 Bc5 6. Bxc6 dxc6 7. d3 Nd7 8. Be3 Bd6 9. d4 O-O 10. dxe5 Nxe5 11. Nxe5 Bxe5 12. Qxd8 Rxd8 13. Rd1 Be6 14. a3 f5 15. exf5 Bxf5 16. Rd2 a5 17. Ke2 Re8 18.
h3 Rad8 19. Rhd1 Rxd2+ 20. Rxd2 h5 21. Kd1 b6 22. Kc1 Kf7 23. Ne2 c5 24. Nf4 g6 25.
Nd3 Bd6 26. Ne1 c4 27. c3 Be4 28. Bxb6 a4 29. Be3 Bf5 30. Nf3 Bd3 31. Ne1 Bf5 32.
Rd4 Re4 33. Rxe4 Bxe4 34. f3 Bf5 35. Kd2 Bg3 36. Nc2 Bxc2 37. Kxc2 Ke6 38. Kd1 Kf5 39. Ke2 h4 40. Bd2 g5 41. Be3 c6 42. Bf2 Bf4 43. Kd1 Ke5 44. Bg1 Kf5 45. Bb6 Kf6 46. Bf2 Kf5 47. Be1 Kf6 48. Bd2 Bg3 49. Ke2 Kf5 50. Ke3 Bf4+ 51. Ke2 Bg3 52. Bc1 Kf6 53.
Be3 Kf5 54. Kf1 Kf6 55. Bd2 Kf5 56. Ke2 Kf6 57. Be1 Bf4 58. Bd2 Kf5 59. Be3 Bg3 1/2-1/2

[Event "*** Titled Tuesday Blitz"]
[Site "Chess.com"]
[Date "2020.10.20"]
[Round "6"]
[White "TimofeevAr"]
[Black "Swarnapuri"]
[Result "1/2-1/2"]
[WhiteElo "2787"]
[BlackElo "2627"]
[TimeControl "180+1"]
[EndTime "11:09:33 PDT"]
[Termination "Game drawn - insufficient material"]

1. e4 Nc6 2. Nf3 d6 3. d4 Nf6 4. Nbd2 Bg4 5. h3 Bxf3 6. Nxf3 Nxe4 7. d5 Nb8 8. Bd3 Nf6 9. c4 g6 10. O-O Bg7 11. Re1 O-O 12. Bg5 c6 13. dxc6 Nxc6 14. Qd2 Re8 15. Rad1 Qa5 16. b3 Qxd2 17. Bxd2 Nd7 18.
Be4 Nc5 19. Bb1 a5 20. h4 Rad8 21. h5 d5 22. h6 Bf6 23. cxd5 Rxd5 24. Be3 Red8 25. Rxd5 Rxd5 26. Kf1 e6 27. Ke2 b6 28.
Rc1 Nd4+ 29. Bxd4 Bxd4 30. Rc4 e5 31. a3 Rd8 32. b4 axb4 33. axb4 Na4 34. Nxd4 exd4 35.
Bc2 b5 36. Rc6 Kf8 37. Kd2 Ke7 38. Bb3 Nc3 39. Rc7+ Rd7 40. Rxd7+ Kxd7 41. Bxf7 Ke7 42. Bg8 Ne4+ 43. Ke2 Nf6 44. Bb3 Kd6 45. f3 Nd5 46. g3 Nxb4 47. Bg8 Ke7 48. Bxh7 Kf7 49. f4 Nc6 50. f5 Ne7 51. fxg6+ Nxg6 52. Kd3 Nf8 53. Bf5 Kf6 54. g4 b4 55. Kxd4 Kg5 56. Kc4 Kxh6 57. Kxb4 Kg5 58. Kc4 Ng6 59. Kd4 Ne7 60. Ke4 Ng8 61.
Kf3 Nf6 62. Bc8 Nxg4 1/2-1/2

[Event "*** Titled Tuesday Blitz"]
[Site "Chess.com"]
[Date "2020.10.20"]
[Round "6"]
[White "MarceloPlaya"]
[Black "Brave_spirit12"]
[Result "0-1"]
[WhiteElo "2295"]
[BlackElo "2476"]
[TimeControl "180+1"]
[EndTime "11:09:33 PDT"]
[Termination "Brave_spirit12 won on time"]

1. e4 e6 2. d4 d5 3. Nc3 Nf6 4. Bd3 c5 5. Nf3 Nc6 6. exd5 exd5 7.
O-O Be7 8. dxc5 O-O 9. Bg5 Bg4 10. h3 Bh5 11. Bxf6 Bxf6 12. Nxd5 Bxb2 13. Rb1 Ba3 14. Rxb7 Bxc5 15. c4 Nd4 16. g4 Nxf3+ 17. Qxf3 Bg6 18. Bxg6 hxg6 19. Re1 Rb8 20. Rxb8 Qxb8 21. Ne7+ Kh7 22.
Nd5 Qb2 23. Re2 Qc1+ 24. Kg2 Qxc4 25. Nf4 a5 26. h4 Bd6 27. Nh3 f6 28. h5 gxh5 29.
gxh5 Kg8 30. Re4 Qxa2 31. h6 Rf7 32. Re8+ Bf8 33. Qg4 Qd5+ 34. f3 Qd2+ 35. Kg3 Qxh6 36. Nf4 a4 37. Ng6 f5 38. Qxa4 Qxg6+ 39. Kf4 Qd6+ 40.
Ke3 f4+ 41. Ke2 Re7+ 42. Rxe7 Qxe7+ 43. Kf1 Qf6 44. Qc4+ Qf7 45. Qd4 Be7 46. Qe4 Qf6 47. Qd5+ Kf8 48. Qa8+ Kf7 49. Qd5+ Qe6 50. Qh5+ g6 51.
Qh7+ Kf6 52. Qh8+ Kg5 0-1

[Event "*** Titled Tuesday Blitz"]
[Site "Chess.com"]
[Date "2020.10.20"]
[Round "6"]
[White "ShahMatKanal"]
[Black "dosto07"]
[Result "0-1"]
[WhiteElo "2438"]
[BlackElo "2341"]
[TimeControl "180+1"]
[EndTime "11:09:33 PDT"]
[Termination "dosto07 won by checkmate"]

1. e4 e5 2. Nf3 Nc6 3. d4 exd4 4. Nxd4 Nf6 5. Nxc6 bxc6 6. Bd3 d5 7. exd5 cxd5 8.
O-O Be7 9. Nd2 O-O 10. Nf3 c5 11. c3 Rb8 12. h3 h6 13. Re1 Be6 14. Ne5 Qc7 15.
f4 c4 16. Bc2 Bc5+ 17. Kh2 Rfe8 18. Qf3 d4 19. cxd4 Bxd4 20. Rb1 Bd5 21. Qg3 c3 22. bxc3 Qxc3 23. Rxb8 Qxg3+ 24. Kxg3 Rxb8 25. Rd1 Bc3 26. Nd7 Rc8 27. Nxf6+ Bxf6 28. Bf5 Rc3+ 29. Kh2 Bxa2 30. Bb2 Rc5 31. Bg4 Bxb2 32. Rd2 Rb5 33. Bf5 g6 34.
Bd7 Rb8 35. Ba4 Be6 36. h4 h5 37. g3 Bf6 38. Kg1 Rb1+ 39. Kf2 Rb2 40. Ke3 Rxd2 41.
Kxd2 a5 42. Kd3 Kf8 43. Ke4 Ke7 44. Bb5 Bf5+ 45. Kd5 Be6+ 46. Kc5 Bc3 47. Be2 Be1 48. Kb5 Bxg3 49. Kxa5 Bxh4 50. Kb4 Bg3 51. Kc5 Bxf4 52. Kd4 h4 53. Ke4 g5 54. Kf3 f5 55. Kg2 Bd5+ 56. Kg1 Kf6 57. Bf1 g4 58. Bb5 Kg5 59. Be2 h3 60. Bf3 h2+ 61. Kh1 Bxf3# 0-1

[Event "*** Titled Tuesday Blitz"]
[Site "Chess.com"]
[Date "2020.10.20"]
[Round "6"]
[White "jlmanzanares"]
[Black "MuhittinBuker"]
[Result "1-0"]
[WhiteElo "2253"]
[BlackElo "2092"]
[TimeControl "180+1"]
[EndTime "11:09:33 PDT"]
[Termination "jlmanzanares won on time"]

1. e4 e5 2. Nf3 Nc6 3. Bc4 Nf6 4.
O-O Bc5 5. d4 exd4 6. e5 d5 7.
Bb5 Ne4 8. Nxd4 Bd7 9. Bxc6 bxc6 10. f3 Ng5 11. f4 Ne4 12. Be3 Bb6 13. Nd2 Nxd2 14.
Qxd2 c5 15. Nb3 d4 16. Bf2 Bc6 17. a4 a5 18. c4 O-O 19. Rae1 f5 20. e6 Qe7 21.
Re5 Bxa4 22. Nc1 Bc6 23. b3 Rad8 24. Nd3 Be4 25. Rd1 c6 26. Qe1 Rde8 27. Bh4 Qd6 28. e7 Rf7 29. h3 Rfxe7 30. Bxe7 Rxe7 31. Rxe7 Qxe7 32. Ne5 Bc7 33. Nxc6 Qf6 34. Ne5 Bxe5 35. fxe5 Qxe5 36. Qxa5 h6 37. Qd8+ Kh7 38. b4 Bxg2 39.
bxc5 Qg3 40. Rd2 Bxh3+ 41. Kh1 Qe1+ 42. Kh2 Qxd2+ 43. Kxh3 Qe3+ 44. Kg2 f4 45. Qd5 Qg3+ 46. Kf1 Qd3+ 47. Kg2 Qc2+ 48. Kf1 Qd1+ 49. Kf2 Qd2+ 50. Kf1 Qd1+ 51. Kg2 Qd2+ 52. Kf3 Qe3+ 53. Kg4 Qg3+ 54. Kf5 Qg5+ 55. Ke4 Qxd5+ 56. cxd5 f3 57. Kxf3 g5 58. c6 d3 59. c7 d2 60. Ke2 g4 61. Kxd2 g3 62.
Ke2 g2 63. Kf2 g1=Q+ 64. Kxg1 1-0

[Event "*** Titled Tuesday Blitz"]
[Site "Chess.com"]
[Date "2020.10.20"]
[Round "6"]
[White "FredyMatsuura"]
[Black "Iskusnyh"]
[Result "1/2-1/2"]
[WhiteElo "2396"]
[BlackElo "2553"]
[TimeControl "180+1"]
[EndTime "11:09:34 PDT"]
[Termination "Game drawn by repetition"]

1. d4 d5 2. c4 c6 3. Nc3 Nf6 4.
e3 e6 5. Nf3 a6 6. Bd3 c5 7. cxd5 exd5 8. O-O Nc6 9. a3 Bg4 10.
dxc5 Bxc5 11. h3 Bh5 12. b4 Bb6 13. Be2 O-O 14. Na4 Ba7 15. Bb2 Ne4 16. Rc1 Re8 17. Nd4 Bxd4 18. Bxh5 Bxb2 19. Nxb2 Qf6 20. Nd3 Rad8 21.
Qf3 d4 22. exd4 Nxd4 23. Qxf6 Nxf6 24. Bd1 Ne4 25. Re1 g6 26. f3 Ng3 27. Rxe8+ Rxe8 28. Kf2 Nh1+ 29. Kg1 Ng3 30. Kf2 Ngf5 31. Rc7 b6 32.
Rb7 Re6 33. Nf4 Rd6 34. g4 Nh4 35. Kg3 Nhf5+ 36. Kf2 Nh4 37. Kg3 Ndf5+ 38. gxf5 Nxf5+ 39. Kf2 Rxd1 40. Rxb6 Rd2+ 41. Ke1 Rd4 42. Ne2 Rd3 43.
Rxa6 Rxf3 44. b5 Rb3 45. a4 g5 46. b6 h5 47. a5 g4 48. hxg4 hxg4 49. Ra8+ Kg7 50.
Rb8 g3 51. a6 g2 52. Kf2 Rb2 53.
Kxg2 Rxe2+ 54. Kf3 Nd4+ 55. Kf4 Ne6+ 56. Kf3 Nd4+ 57.
Kf4 Ne6+ 58. Kf3 Nd4+ 1/2-1/2

[Event "*** Titled Tuesday Blitz"]
[Site "Chess.com"]
[Date "2020.10.20"]
[Round "6"]
[White "IngOscarArdila"]
[Black "anpospan"]
[Result "0-1"]
[WhiteElo "2183"]
[BlackElo "2372"]
[TimeControl "180+1"]
[EndTime "11:09:34 PDT"]
[Termination "anpospan won on time"]

1. d4 Nf6 2. c4 e6 3. Nc3 c5 4. d5 exd5 5. cxd5 d6 6. e4 g6 7. h3 Bg7 8. Bd3 O-O 9. Nf3 a6 10. a4 Nbd7 11. O-O h6 12. Bf4 Qe7 13. Re1 g5 14. Bh2 g4 15. hxg4 Nxg4 16. Bg3 Nde5 17. Nxe5 Bxe5 18. f4 Bd4+ 19. Kf1 f5 20. Qf3 h5 21.
Rad1 h4 22. exf5 Qg7 23. Ne4 hxg3 24. Qxg3 Bxf5 25. Nxd6 Bf2 26. Nxf5 Rxf5 27. Qh3 Bxe1 28. Bxf5 Nh6 29. Be6+ Kh8 30. Rxe1 Rf8 31. g3 Kh7 32. Re2 Qd4 33. Rh2 Qd1+ 34. Kf2 Qd2+ 35. Kg1 Qe1+ 36.
Qf1 Qxg3+ 37. Rg2 Qe3+ 38. Qf2 Qc1+ 39. Kh2 Qxf4+ 40. Qxf4 Rxf4 41. Re2 Rd4 42. Rf2 Ng4+ 43. Kg3 Nxf2 44. Kxf2 Kg7 45. Ke3 Kf6 46. b3 Ke5 47.
Bf7 Kd6 48. Be6 b5 49. axb5 axb5 50. Bf7 Rd1 51. Ke2 Rb1 52. Kd2 Rxb3 53. Kc2 Rg3 0-1

[Event "*** Titled Tuesday Blitz"]
[Site "Chess.com"]
[Date "2020.10.20"]
[Round "6"]
[White "teacher4chess"]
[Black "dominikaf"]
[Result "1-0"]
[WhiteElo "2050"]
[BlackElo "2207"]
[TimeControl "180+1"]
[EndTime "11:09:35 PDT"]
[Termination "teacher4chess won on time"]

1. d4 d5 2. c4 c6 3. Nf3 e6 4. Bf4 f5 5. e3 Nf6 6. Bd3 Be7 7. h3 O-O 8. Nc3 Nbd7 9. g4 Ne4 10. Qc2 g6 11.
O-O-O Nb6 12. c5 Nd7 13. gxf5 exf5 14. Rdg1 b6 15. Bh6 Rf7 16. Bxe4 fxe4 17. Ng5 Bxg5 18. Bxg5 Qf8 19. Rh2 bxc5 20. h4 cxd4 21. exd4 h6 22. Be3 Kh7 23. Rhg2 Rf6 24. h5 g5 25. Nxe4 dxe4 26. Qxe4+ Rf5 27. Qxc6 Nb6 28. Qg6+ Kh8 29. d5 Nc4 30. Bd4+ Ne5 31. f4 Bd7 32. Bxe5+ Rxe5 33. fxe5 Rc8+ 34. Rc2 Rxc2+ 35. Qxc2 Qf4+ 36. Qd2 Qxe5 37. Re1 Qd6 38. Qd4+ Kh7 39. Qe4+ Kg8 40. Qg6+ Qxg6 41.
hxg6 Bf5 42. Re7 Bxg6 43. Rxa7 Kf8 44. d6 Bf5 45. Ra3 Ke8 46. Rf3 Be6 47. Rf6 Kd7 48. Rxh6 Kxd6 49. a4 g4 50. Kd2 1-0